Cogmind - Beta 13 @@@ ROGUE MODE // 2024.04.06 @ 22:25:56 Player: Kinga Result: Destroyed by X-62 Marksman with Gauss Rifle Performance ------------- Evolutions (3) 1500 Regions Visited (5) 1000 Robots Destroyed (87) 435 Value Destroyed (2479) 2479 Prototype IDs (13) 260 Alien Tech Used (0) 0 Bonus (502) 502 TOTAL SCORE: 6176 Bonus ------- High Alert Combat Kills 304 Follower Combat Kills 321 Friendly Fire -123 Cogmind --------- Core Integrity 0/700 Matter 245/300 Energy 99/100 System Corruption 1% Temperature Cool (0) Movement Flying (37) Location -7/Factory Parts ------- > --- POWER (1) -------- (None) > --- PROPULSION (2) --- Biomechanical Wings Biomechanical Wings > --- UTILITY (6) ------ Experimental Heat Sink Weight Redist. System Advanced Targeting Computer > --- WEAPON (4) ------- (None) > --- INVENTORY (5) ---- Light Nuclear Core Faulty Improved Airjet Large Matter Pod (150) High-powered Shotgun Peak State ------------ > --- POWER ------------ Light Nuclear Core > --- PROPULSION ------- Light Treads Light Treads > --- UTILITY ---------- Improved Heat Sink Improved Heat Sink Medium Storage Unit Advanced Targeting Computer Improved Light Armor Plating High-powered Tractor Beam > --- WEAPON ----------- Advanced Beam Rifle Cooled Plasma Cannon Enhanced Autogun Flak Gun > --- INVENTORY -------- Light Nuclear Core Reinforced Deuterium Engine High-capacity Battery Large Matter Pod Improved Light Armor Plating Improved Light Armor Plating Advanced Beam Rifle Advanced Beam Rifle High-powered Shotgun Flak Gun [Rating: 41] Favorites ----------- Power Light Nuclear Core Engine Ion Engine Power Core Light Nuclear Core Propulsion Light Treads Treads Light Treads Flight Unit Biomechanical Wings Utility Medium Storage Unit Device High-powered Tractor Beam Storage Medium Storage Unit Processor Advanced Targeting Computer Protection Light Armor Plating Weapon Light Assault Rifle Energy Gun Medium Laser Energy Cannon Cooled Plasma Cannon Ballistic Gun Light Assault Rifle Ballistic Cannon Light Cannon Launcher Advanced EMP Blaster Build | -11 -10 -9 -9 -8 -7 ------- Run | Yrd Mat Mat Sto Mat Fac Slots Evolved 6 | . . 2 . 2 2 Power . | . . . . . . Propulsion . | . . . . . . Utility 4 | . . . . 2 2 Weapon 2 | . . 2 . . . Parts Attached 59 | 7 1 11 4 10 26 Power 7 | 1 . . 2 2 2 Engine 5 | 1 . . 2 . 2 Core 2 | . . . . 2 . Reactor . | . . . . . . Propulsion 6 | 2 . . . 1 3 Treads 4 | 2 . . . 1 1 Leg . | . . . . . . Wheel . | . . . . . . Hover . | . . . . . . Flight 2 | . . . . . 2 Utility 21 | 1 . 2 1 5 12 Device 8 | . . . . 2 6 Storage 3 | 1 . 1 . . 1 Processor 1 | . . . . . 1 Hackware . | . . . . . . Protection 9 | . . 1 1 3 4 Artifact . | . . . . . . Weapon 25 | 3 1 9 1 2 9 Energy Gun 11 | 3 . 4 . . 4 Energy Cannon 3 | . . 1 1 . 1 Ballistic Gun 9 | . 1 3 . 1 4 Ballistic Cannon 1 | . . 1 . . . Launcher 1 | . . . . 1 . Special Weapon . | . . . . . . Impact Weapon . | . . . . . . Slashing Weapon . | . . . . . . Piercing Weapon . | . . . . . . Special Melee Weapon . | . . . . . . Unidentified Prototypes 13 | . . 3 3 2 5 Parts Lost 25 | . . . . 2 23 Power 3 | . . . . . 3 Propulsion 4 | . . . . 1 3 Utility 11 | . . . . 1 10 Weapon 7 | . . . . . 7 Highest Loss Streak 16 | . . . . 1 16 To Critical Strikes . | . . . . . . Average Slot Usage (%) 94 | . 84 93 100 99 88 Engine 5 | . 14 11 11 1 1 Core 4 | . . . . 7 5 Treads 18 | . 28 22 22 17 11 Device 11 | . . . . 17 19 Storage 9 | . 14 11 11 9 5 Processor 1 | . . . . . 7 Protection 7 | . . 9 11 9 5 Energy Gun 7 | . 15 19 10 . 3 Energy Cannon 7 | . . 2 11 11 5 Ballistic Gun 15 | . 11 13 22 17 14 Launcher 2 | . . . . 6 1 Naked Turns . | . . . . . . Heaviest Build 41 | 14 14 29 37 41 40 Greatest Support 40 | 40 40 40 40 40 40 Greatest Overweight (x) 8 | . . . . 1 8 Average Overweight (x) . | . . . . . . Largest Inventory Capacity 10 | 8 8 10 10 10 10 Average Capacity 9 | 6 8 8 10 10 9 Most Carried 10 | 2 2 8 10 10 10 Average Carried 7 | . 2 5 9 9 8 Final Capacity 10 | 8 8 10 10 10 5 Final Carried 10 | 2 2 8 10 10 4 Class Distribution -------------------- 47% | Tank 18% | Mutant 15% | Scavenger-Gunner 12% | Scavenger-Tank 6% | Gunner Dominant Class ---------------- Mutant | -10/Materials Tank | -9/Materials Tank | -9/Storage Tank | -8/Materials Scavenger-Gunner | -7/Factory Resources | -11 -10 -9 -9 -8 -7 ----------- Run | Yrd Mat Mat Sto Mat Fac Matter Collected 1641 | 214 86 205 287 376 473 Remotely 733 | . . . . 368 365 Salvage Created 3483 | . 187 376 399 1273 1248 Parts 196 | . 13 28 21 71 63 Haulers Intercepted 9 | . . 2 3 2 2 Recyclers Shooed 6 | . 1 . 2 3 . Parts Field Recycled . | . . . . . . Retrieved Matter . | . . . . . . Parts Self-Destructed . | . . . . . . Prevented . | . . . . . . Kills | -11 -10 -9 -9 -8 -7 ------- Run | Yrd Mat Mat Sto Mat Fac Combat Hostiles Destroyed 61 | . 6 9 5 22 19 Guns 32 | . 6 5 5 8 8 Cannons 26 | . . 3 . 13 10 AOE 1 | . . . . 1 . Classes Destroyed 14 | . 3 5 . 5 1 Worker 3 | . . 1 . 1 1 Builder 1 | . . . . 1 . Tunneler 1 | . . . . 1 . Hauler 9 | . . 2 3 2 2 Recycler 4 | . 1 . . 1 2 Operator 4 | . 1 . 1 1 1 Watcher 4 | . . 1 . 1 2 Swarmer 23 | . 6 5 . 6 6 Grunt 20 | . . 2 4 8 6 Brawler 3 | . . . . 1 2 Duelist 1 | . . . . 1 . Sentry 9 | . . 2 1 4 2 Hunter 3 | . . . . 2 1 Programmer 2 | . . . . . 2 Best Kill Streak 7 | . 5 4 2 7 5 Combat Bots Only 5 | . 4 3 2 5 5 Max Kills in Single Turn 2 | . 2 2 1 2 2 Gunslinging . | . . . . . . Exploded 1 | . . . . 1 . Melee . | . . . . . . Uniques/NPCs Destroyed . | . . . . . . Combat | -11 -10 -9 -9 -8 -7 -------- Run | Yrd Mat Mat Sto Mat Fac Hostile Shots Fired 469 | . 22 28 14 87 318 Missed 181 | . 8 9 4 32 128 Damage Taken 4258 | . 116 191 148 756 3047 Core 775 | . 6 10 . 56 703 Absorbed by Shields . | . . . . . . Core Remaining (%) 95 | 100 97 . 97 89 . Volleys Fired 159 | . 20 21 19 52 47 Largest 4 | . 2 4 4 4 4 Hottest 175 | . 70 170 167 159 175 Shots Fired 546 | . 39 72 76 179 180 Gun 387 | . 39 55 57 96 140 Cannon 154 | . . 17 19 78 40 Launcher 5 | . . . . 5 . Special . | . . . . . . Kinetic 294 | . 20 38 38 96 102 Thermal 241 | . 19 28 38 78 78 Explosive . | . . . . . . Electromagnetic 11 | . . 6 . 5 . Robot Hit Streak 14 | . 4 9 14 7 11 Robot Miss Streak 5 | . 5 3 4 5 5 Penetration Max . | . . . . . . Secondary Targets 3 | . . . . . 3 Max Gunslinging Chain 1 | . . . . . 1 Shots Hit Robots 285 | . 15 39 41 89 101 Core Hits 147 | . 11 15 16 42 63 Critical Kills 2 | . . . 2 . . Critical Parts Destroyed . | . . . . . . Critical Strikes 9 | . . 3 3 . 3 Burn 6 | . . 2 1 . 3 Meltdown 1 | . . . 1 . . Destroy 1 | . . . 1 . . Blast 1 | . . 1 . . . Melee Attacks . | . . . . . . Impact . | . . . . . . Slashing . | . . . . . . Piercing . | . . . . . . Sneak Attacks . | . . . . . . Combat Hostiles . | . . . . . . Follow-up Attacks . | . . . . . . Damage Inflicted 6439 | . 182 701 768 2124 2664 Guns 3388 | . 182 509 492 604 1601 Cannons 2821 | . . 179 255 1343 1044 Explosions 141 | . . . . 141 . Melee . | . . . . . . Ramming 89 | . . 13 21 36 19 Kinetic 2251 | . 57 330 249 604 1011 Thermal 3906 | . 125 306 498 1343 1634 Explosive . | . . . . . . Electromagnetic 193 | . . 52 . 141 . Impact . | . . . . . . Slashing . | . . . . . . Piercing . | . . . . . . Highest Corruption 5 | . . . . 5 1 Average Corruption 4 | . . . . 4 1 Corruption Purged . | . . . . . . Corruption Blocked . | . . . . . . Effects 23 | . . . . 21 2 Message Errors 5 | . . . . 4 1 Matter Fused 4 | . . . . 4 . Heat Flow Errors 6 | . . . . 5 1 Energy Discharges 1 | . . . . 1 . Data Loss (minor) 3 | . . . . 3 . Data Loss (major) 1 | . . . . 1 . Misfires 1 | . . . . 1 . Alerts 2 | . . . . 2 . Overload Shots . | . . . . . . Overflow Damage 29 | . . . . 13 16 Projectiles 29 | . . . . 13 16 Explosions . | . . . . . . Melee . | . . . . . . Knockbacks . | . . . . . . Impact . | . . . . . . Kinetic . | . . . . . . Secondary . | . . . . . . Self-Inflicted Damage . | . . . . . . Shots . | . . . . . . Rammed 16 | . . 3 3 7 3 Targets Rammed 17 | . . 3 3 8 3 Kicked . | . . . . . . Crushed 1 | . . . . 1 . Highest Temperature 426 | . 120 426 412 251 351 Average Temperature 99 | . 44 128 124 51 87 Received Heat Transfer 765 | . . 33 75 243 414 Effects 5 | . . 3 2 . . Shutdowns 3 | . . 2 1 . . Energy Bleed 1 | . . . 1 . . Matter Decay 1 | . . 1 . . . Siege Activations . | . . . . . . Robots Corrupted 1 | . . . . 1 . Combat Hostiles . | . . . . . . Parts Fried 2 | . . . . 2 . Impact Corruptions . | . . . . . . Robots Melted 3 | . . 1 1 . 1 Combat Hostiles 2 | . . 1 . . 1 Parts Melted 8 | . 2 1 . 3 2 Heat Transferred 7084 | . 370 814 1110 2179 2611 Parts Sabotaged . | . . . . . . Parts Stolen . | . . . . . . Parts Stripped . | . . . . . . Power Chain Reactions 1 | . . . . 1 . Alert | -11 -10 -9 -9 -8 -7 ------- Run | Yrd Mat Mat Sto Mat Fac Peak Influence 765 | . 210 369 765 659 595 Initial 283 | . . 88 89 283 272 Average 355 | . 69 191 373 487 424 Maximum Alert Level 3 | . 1 1 3 2 2 Low Security (%) 27 | 100 87 70 43 . . Level 1 21 | . 12 29 22 13 32 Level 2 48 | . . . 16 86 67 Level 3 2 | . . . 17 . . Level 4 . | . . . . . . Level 5 . | . . . . . . High Security . | . . . . . . Max Security . | . . . . . . Squads Dispatched 16 | . 2 1 5 3 5 Investigation 3 | . 1 . . 2 . Extermination . | . . . . . . Reinforcement 6 | . 1 1 1 1 2 Assault 2 | . . . 2 . . Garrison 5 | . . . 2 . 3 Intercept . | . . . . . . Searches Triggered . | . . . . . . Construction Impeded 1 | . . . . . 1 Haulers Reinforced . | . . . . . . Active Scanning Responses . | . . . . . . Cargo Convoy Interrupts 1 | . . . . . 1 Stealth | -11 -10 -9 -9 -8 -7 --------- Run | Yrd Mat Mat Sto Mat Fac Distress Signals 6 | . 2 1 1 2 . Communications Jammed . | . . . . . . Distress Signals . | . . . . . . Times Spotted 137 | . 11 16 23 33 54 Peak Tracking Total 13 | . 4 4 4 4 13 Tactical Retreats 11 | . 1 . 2 2 6 Traps | -11 -10 -9 -9 -8 -7 ------- Run | Yrd Mat Mat Sto Mat Fac Traps Triggered 6 | . . . . 5 1 Indirectly . | . . . . . . Trap Hack Attempts . | . . . . . . Triggered . | . . . . . . Disarmed . | . . . . . . Reprogrammed . | . . . . . . Reused . | . . . . . . Traps Extracted . | . . . . . . Installed . | . . . . . . Triggered . | . . . . . . Machines | -11 -10 -9 -9 -8 -7 ---------- Run | Yrd Mat Mat Sto Mat Fac Machines Disabled 5 | . . . 4 1 . Max in Single Turn 1 | . . . 1 1 . Garrison Access 1 | . . . 1 . . Machines Repaired . | . . . . . . Machines Dismantled . | . . . . . . Machines Sabotaged . | . . . . . . Overloaded Fab Kills . | . . . . . . Hacking | -11 -10 -9 -9 -8 -7 --------- Run | Yrd Mat Mat Sto Mat Fac Machines Accessed 13 | . 2 . . 8 3 Terminals 13 | . 2 . . 8 3 Fabricators . | . . . . . . Repair Stations . | . . . . . . Recycling Units . | . . . . . . Scanalyzers . | . . . . . . Garrison Access . | . . . . . . Total Hacks 24 | . 3 . . 17 4 Successful 5 | . . . . 3 2 Failed 19 | . 3 . . 14 2 Catastrophic 3 | . 2 . . 1 . Database Lockouts . | . . . . . . Manual 21 | . 3 . . 17 1 Terminals 24 | . 3 . . 17 4 Fabricators . | . . . . . . Repair Stations . | . . . . . . Recycling Units . | . . . . . . Scanalyzers . | . . . . . . Garrison Access . | . . . . . . Terminal Hacks 3 | . . . . 1 2 Record 1 | . . . . . 1 Open DSF 1 | . . . . . 1 Unreport Threat 1 | . . . . 1 . Fabricator Hacks . | . . . . . . Repair Station Hacks . | . . . . . . Recycling Unit Hacks . | . . . . . . Scanalyzer . | . . . . . . Garrison Access Hacks . | . . . . . . Unauthorized Hacks 2 | . . . . 2 . Terminals 2 | . . . . 2 . Botnet 2 | . . . . 2 . Fabricators . | . . . . . . Repair Stations . | . . . . . . Recycling Units . | . . . . . . Scanalyzers . | . . . . . . Garrison Access . | . . . . . . Data Cores Recovered 1 | . . . . . 1 Used 1 | . . . . . 1 Hacking Detections 12 | . 2 . . 7 3 Full Trace Events 2 | . 1 . . 1 . Feedback Events . | . . . . . . Feedback Blocked . | . . . . . . Robot Schematics Acquired . | . . . . . . Robots Built . | . . . . . . Authchips . | . . . . . . Time . | . . . . . . Total Robot Build Rating . | . . . . . . Part Schematics Acquired . | . . . . . . Parts Built . | . . . . . . Authchips . | . . . . . . Time . | . . . . . . Total Part Build Rating . | . . . . . . Parts Repaired . | . . . . . . Time . | . . . . . . Parts Recycled . | . . . . . . Recycled Matter . | . . . . . . Retrieved Matter . | . . . . . . Retrieved Components . | . . . . . . Parts Scanalyzed . | . . . . . . Part Schematics Acquired . | . . . . . . Parts Damaged . | . . . . . . Bothacking | -11 -10 -9 -9 -8 -7 ------------ Run | Yrd Mat Mat Sto Mat Fac Used RIF Installer . | . . . . . . Robots Hacked . | . . . . . . Non-combat . | . . . . . . Combat . | . . . . . . Robot Hacks Applied . | . . . . . . Relay Couplers Released 2 | . . . 2 . . Machine Destruction 2 | . . . 2 . . Fabnet Peak Effective % . | . . . . . . Robots Rewired . | . . . . . . Allies Hacked . | . . . . . . Hacks Repelled . | . . . . . . Allies | -11 -10 -9 -9 -8 -7 -------- Run | Yrd Mat Mat Sto Mat Fac Total Allies 1 | . . . 1 . . Largest Group 1 | . . . 1 . . Highest-Rated Group 100 | . . . 100 . . Highest-Rated Ally 100 | . . . 100 . . Total Orders . | . . . . . . Ally Attacks 23 | . . . 23 . . Total Damage 1114 | . . . 1114 . . Kills 13 | . . . 13 . . Allies Corrupted . | . . . . . . Allies Melted . | . . . . . . Intel | -11 -10 -9 -9 -8 -7 ------- Run | Yrd Mat Mat Sto Mat Fac Robot Analysis Total . | . . . . . . Derelict Logs Recovered . | . . . . . . Drone Launches . | . . . . . . Drone Recoveries . | . . . . . . Exploration | -11 -10 -9 -9 -8 -7 ------------- Run | Yrd Mat Mat Sto Mat Fac Turns Passed 3384 | 80 385 489 425 1184 821 Spaces Moved 1882 | 46 206 240 208 605 577 Core 11 | 6 . . . . 5 Treads 1619 | 40 206 240 208 605 320 Legs . | . . . . . . Wheels . | . . . . . . Hover . | . . . . . . Flight 252 | . . . . . 252 Fastest Speed 37 | 50 160 160 160 160 37 Average Speed 144 | 145 160 160 160 163 106 Slowest Speed 450 | 160 160 160 160 240 450 Overloaded Moves . | . . . . . . Propulsion Burnouts . | . . . . . . Robots Hopped 14 | . . . . . 14 Cave-ins Triggered . | . . . . . . Exploration Rate (%) 33 | 4 51 27 37 63 18 Regions Visited 5 Branch Regions 1 Pre-discovered Areas . | . . . . . . Known Exits Taken . | . . . . . . Unknown Exits Taken 5 | 1 1 1 1 1 . Scrap Searched . | . . . . . . Spaces Dug . | . . . . . . Terrain Destroyed 28 | . . . . 21 7 Melee . | . . . . . . Projectile 26 | . . . . 19 7 AOE 2 | . . . . 2 . Terrain Rammed . | . . . . . . Walls Destroyed . | . . . . . . Machines Disabled . | . . . . . . Actions | -11 -10 -9 -9 -8 -7 --------- Run | Yrd Mat Mat Sto Mat Fac Total 2220 | 56 227 296 260 697 684 Wait 41 | 2 . 4 10 1 24 Move 1854 | 45 205 239 207 604 554 Hop 9 | . . . . . 9 Pick Up 39 | 1 . 9 7 10 12 Fast Attach 28 | 7 1 5 3 4 8 Attach 20 | . . 2 . 4 14 Detach 5 | 1 . 1 1 1 1 Swap 11 | . . 4 1 2 4 Drop 37 | . 1 8 9 11 8 Fire 159 | . 20 21 19 52 47 Melee . | . . . . . . Ram . | . . . . . . Kick . | . . . . . . Crush 17 | . . 3 3 8 3 Escape Stasis . | . . . . . . Rewire . | . . . . . . Trap . | . . . . . . Miscellaneous . | . . . . . . Route ------- -11/Scrapyard -10/Materials (discovered 2 exits: [*Mat] / [*Min]) -9/Materials -9/Storage -8/Materials -7/Factory History --------- Turn | Location | Event 2 | -11/Scrapyard | Met Revision 17 20 | -11/Scrapyard | Discovered new exit (range 15) 81 | -11/Scrapyard | Entered Materials 173 | -10/Materials | Discovered new exit (range 9) 313 | -10/Materials | Build established: Mutant 457 | -10/Materials | Discovered new exit (range 8) 466 | -10/Materials | Entered another Materials area 466 | -9/Materials | Evolved 2 slots: Weapon x2 808 | -9/Materials | Build established: Tank 873 | -9/Materials | Discovered new exit (range 11) 955 | -9/Materials | Entered Storage 1089 | -9/Storage | Met 01-MTF 1140 | -9/Storage | Garrison activated, responded to threat 1322 | -9/Storage | Discovered new exit (range 5) 1355 | -9/Storage | First assault squad dispatched 1380 | -9/Storage | Entered Materials 1380 | -8/Materials | Accompanied by 1 ally (01-MTF) 1380 | -8/Materials | Evolved 2 slots: Utility x2 1385 | -8/Materials | 01-MTF left 2545 | -8/Materials | Discovered new exit (range 10) 2564 | -8/Materials | Entered Factory 2564 | -7/Factory | Evolved 2 slots: Utility x2 2700 | -7/Factory | Garrison activated, responded to threat 3216 | -7/Factory | Cargo convoy interrupted 3259 | -7/Factory | Core integrity fell below 50% 3269 | -7/Factory | Core integrity fell below 20% 3286 | -7/Factory | Lost 16 parts (2p2n7u5w) 3385 | -7/Factory | Destroyed by X-62 Marksman with Gauss Rifle Last Messages --------------- T-07 Excavator is excavating. NFENY#OQXL=|#LMV:WP74 C-30 ARC bursts open, deploying its payload. G-50 Soldier unfolds itself. G-47 Trooper unfolds itself. M-28 Smith repairs M-28 Smith. O-16 Technician: "IFF HANDSHAKE FAILED. SECURING TERMINAL." ALERT: Hostiles spotted, dispatching reinforcements to Terminal F006. Acquired Weight Redist. System. Penetrated by Slug. K-01 Serf cleans the Power Conduit. Slug penetrates G-47 Trooper. G-47 Trooper suffers critical hit (Destroy). Slug penetrates Wall. Flak Gun destroyed. M-28 Smith repairs X-57 Shotgunner. F-cell Engine destroyed. Penetrated by Slug. Map ----- +----------------------------------------------------+ | ????????????????????????????? " " #????????????? | | ????????????????????????????" " " ############## | | ????????????????????????? " " """ # # | | ???????????????????????#? " " "%" # """""" # | | ???????????????????????# " " """ # """""" # | | ???????????????????????# " " " " # """""" + | | ???????????????????????# " " " " # """""" # | | ??????????#######??????# " " " " # # | | ??????????# #??????# " " " " # """""" # | | ??????????# #??????# + """""" # | | ??????????# #??????# # """""" # | | ??????????# #??????# # """""" # | | ??????????# ############### # [ # | | ??????????# # # ^ # # | | ??????????# "" # # ^ ############## | | ??????????# """ # """"""""" + #????????????? | | ??????????# F" # # #????????????? | | ########### """ # """"""""" # ##########???? | | ## "" # # # ????? | | ## ]############### # ?????? | | ] ####+################# # """" ?????? | | # h x # """" ????? | | """""""" # + """" ????? | | / x # """" ????? | | """""""" # g # """" ?????? | | # @ # """" ?????? | | """""""" ####"################# # ?????? | | #! #?# # ########?????? | | """""""" # #?? """" # #????????????? | | #"""" #?? """" + #????????????? | | ##########"""" #?# """" * # #????????????? | | ?????????#"""" #?# """" # #????????????? | | ?????????#"""" #?# """" # #????????????? | | ??????????? #?# """" # #????????????? | | ???????????? #?# """" ] # #????????????? | | ????????????########?# # #????????????? | | ?????????????????????########## #????????????? | | ??????????????????????????????# #????????????? | | ??????????????????????????????# #????????????? | | ??????????????????????????????# #????????????? | | ??????????????????????????????? #????????????? | | ??????????????????????????????? #????????????? | | ??????????????????????????????? ?????????????? | | ??????????????????????????????? ???????????????? | | ?????????????????????????????????????????????????? | | ?????????????????????????????????????????????????? | | ?????????????????????????????????????????????????? | | ?????????????????????????????????????????????????? | | ?????????????????????????????????????????????????? | | ?????????????????????????????????????????????????? | +----------------------------------------------------+ Best States ------------- Heat Dissipation 75 Energy Generation 19 Energy Capacity 500 Matter Stores 300 Matter Capacity 300 Sight Range 16 Terrain Scan Range 14 Terrain Scan Density 10 Additional Mass Support 6 Armor Coverage 300 Evasion (%) 62 Targeting Accuracy 8 Recoil Reduction 2 Item Schematics ----------------- None Robot Schematics ------------------ None Fabricated ------------ Nothing Alien Tech Used ----------------- None Achievements -------------- None Challenges ------------ None Game ------ Seed LinearSeismicPlating Manual? 0 Play Time 00:36:44 Cumulative 14.5 hours Start 2024.04.06 @ 21:04:57 End 2024.04.06 @ 22:25:56 Sessions 3 Manual Loads 0 Difficulty Rogue Special Mode None Game No. 21 Rogue 21 Adventurer 0 Explorer 0 Win Type - Total 0 Types 0/0/0/0/0/0/0/0/0 Lore% 13 Gallery% 30 Achievement% 28 Wizard Run 0 Options --------- Layout 1 ASCII 0 Keyboard 0 Movement Numpad Keybinds 0 Fullscreen 1 Font 24/Smallcaps Map View 50x35 Zoom Use 0% Tactical HUD 0 Map Filters NONE Filters NONE Steam 1 RUN: 99d02026-3bec-44d7-b9f7-ea2349d12d0e